 Dungeon Crawl Stone Soup version 0.30-b1-2-g02819fbbbe (webtiles) character file.

Game seed: 9936724978515050614

179 NimIero the Firebug (level 5, 0/43 HPs)
             Began as a Naga Fire Elementalist on Nov 28, 2023.
             Slain by a ball python simulacrum (1 damage)
             ... on level 3 of the Dungeon.
             The game lasted 00:09:54 (2889 turns).

NimIero the Firebug (Naga Fire Elementalist)        Turns: 2889, Time: 00:09:57

Health: 0/43       AC:  3    Str: 10    XL:     5   Next: 59%
Magic:  5/9        EV: 10    Int: 17    God:
Gold:   126        SH:  0    Dex: 12    Spells: 0/9 levels left

rFire   . . .        g - +0 falchion
rCold   . . .        (no shield)
rNeg    . . .        a - +0 robe
rPois   +            l - +0 helmet
rElec   .            (no cloak)
rCorr   .            (no gloves)
SInv    +            (no barding)
Will    .....        (no amulet)
Stlth   ++           (no ring)
HPRegen 0.27/turn    (no ring)
MPRegen 0.11/turn

%: no passive effects
@: very slightly contaminated, very slow
A: AC +1, large, see invisible, deformed body, poison resistance, slowness 2,
spit poison 1, naga tail 1
a: Spit Poison


You were on level 3 of the Dungeon.
You visited 1 branch of the dungeon, and saw 3 of its levels.

You collected 126 gold pieces.

Inventory:

Hand Weapons
 f - a +0 dagger
 g - a +0 falchion (weapon)
Missiles
 m - 12 poisoned darts
Armour
 a - a +0 robe (worn)
 l - a +0 helmet (worn)
Jewellery
 j - an amulet of guardian spirit
Wands
 v - a wand of charming (3)
Scrolls
 i - a scroll of teleportation
 o - 2 scrolls of noise {unknown}
 s - a scroll of amnesia {unknown}
 t - a scroll of magic mapping {unknown}
 u - 2 scrolls of identify
Potions
 b - a potion of magic
 c - a potion of attraction {unknown}
 d - a potion of haste {unknown}
 e - 2 potions of cancellation
 h - a potion of invisibility {unknown}
 k - 2 potions of mutation {unknown}
 n - 2 potions of lignification
 p - a potion of brilliance {unknown}
 q - 2 potions of curing {unknown}
 r - a potion of degeneration {unknown}


   Skills:
 + Level 0.6 Fighting
 + Level 0.6 Long Blades
 + Level 1.9 Dodging
 + Level 3.6 Stealth
 + Level 2.8 Spellcasting
 + Level 1.6 Conjurations
 * Level 4.8 Fire Magic


You couldn't memorise any spells.
You knew the following spells:

 Your Spells              Type           Power      Damage    Failure   Level
a - Foxfire               Conj/Fire      52%        2x1d6     4%          1
b - Scorch                Fire           36%        2d7       3%          2
c - Volatile Blastmotes   Fire/Tloc      20%        2d11      21%         3
d - Inner Flame           Hex/Fire       10%        N/A       21%         3

Your spell library contained the following spells:

 Spells                   Type           Power      Damage    Failure   Level
 Flame Wave               Conj/Fire      13%        2d6       43%         4


Dungeon Overview and Level Annotations

Branches:
Dungeon (3/15)

Altars:

Shops:
D:1 [

Annotations:
D:3 xelsha's ghost, amateur FoHu


Innate Abilities, Weirdness & Mutations

Your serpentine skin is tough. (AC +1)
You have supernaturally acute eyesight. (SInv)
Armour fits poorly on your strangely shaped body.
Your system is resistant to poisons. (rPois)
You cover ground very slowly.
You can spit poison.
You have a snake-like lower body.


Message History

You conjure some foxfire!
The scorpion simulacrum hits you. The scorpion simulacrum freezes you!
The ball python simulacrum closely misses you.
The foxfire hits the scorpion simulacrum.
The scorpion simulacrum is severely damaged.
The foxfire hits the scorpion simulacrum but does no damage.
The scorpion simulacrum is severely damaged.
The scorpion simulacrum hits you. The scorpion simulacrum freezes you!
The ball python simulacrum closely misses you.
Casting: Foxfire (safe; 4% risk of failure)
Confirm with . or Enter, or press ? or * to list all spells.
You conjure some foxfire!
The adder simulacrum closely misses you.
The ball python simulacrum barely misses you.
The scorpion simulacrum hits you. The scorpion simulacrum freezes you!
* * * LOW HITPOINT WARNING * * *
Unknown command.
Unknown command.
Unknown command.
Unknown command.
Unknown command.
Casting: Foxfire (safe; 4% risk of failure)
Confirm with . or Enter, or press ? or * to list all spells.
You conjure some foxfire!
The foxfire hits the adder simulacrum.
The adder simulacrum melts!
The adder simulacrum vaporises!
You hear a sizzling sound!
The foxfire hits the scorpion simulacrum.
The scorpion simulacrum melts!
The scorpion simulacrum vaporises!
You hear a sizzling sound!
The ball python simulacrum bites you but does no damage.
The foxfire hits xelsha's ghost.
Xelsha's ghost is lightly damaged.
The foxfire hits the ball python simulacrum.
The ball python simulacrum is moderately damaged.
Xelsha's ghost hits you.
* * * LOW HITPOINT WARNING * * *
The ball python simulacrum bites you.
You die...

..#....#### #...........
..........##########....#.##...
#.#..............##.............
.......##.# ###.###....#..#...
#.#.#..##.# ##.................
....#..##.###..###.............
.........)....##.#####.....#..
#.#.#.###..#..#.ยงยง...###...#.#
#.....# #....##.@......##..#.#
#.#.#.###..#.#.ZW###....##...#
#.#.#........#.... ##....#...# #
..#.#.###.##.##.... #....#...#.#
#.#.#.# #.##..#.....##...'...#.#)
..#...# #.##..#...=.$#...'.(.....
#.#.#####.#..##.#...$#...'.<.#...
#.#.#.....#..#.. ...##...#...#..#
#.#.#.###.#..#..# #....#.......


You could see xelsha's ghost and a ball python simulacrum.

Vanquished Creatures
  A black bear (D:3)
  A scorpion simulacrum (D:3)
  3 adders (D:2)
  2 worms
  An adder simulacrum (D:3)
  3 bats
  4 endoplasms
  2 giant cockroaches
  3 goblins (D:2)
  2 hobgoblins
  3 jackals (D:1)
  A quokka (D:1)
  8 ball pythons
  2 frilled lizards
  3 kobolds
  3 rats
42 creatures vanquished.

Vanquished Creatures (others)
  86 foxfires
86 creatures vanquished.

Grand Total: 128 creatures vanquished

Notes
Turn   | Place    | Note
-------+----------+-------------------------------------------
     0 | D:1      | NimIero the Naga Fire Elementalist began the quest for the
                  | Orb.
     0 | D:1      | Reached XP level 1. HP: 15/15 MP: 3/3
   345 | D:1      | Reached XP level 2. HP: 22/22 MP: 3/5
   350 | D:1      | Learned a level 2 spell: Scorch
   526 | D:1      | Found Voleih's Antique Armour Boutique.
  1147 | D:2      | Reached XP level 3. HP: 25/28 MP: 2/6
  1497 | D:2      | Reached skill level 4 in Fire Magic
  1724 | D:2      | Reached XP level 4. HP: 4/36 MP: 2/7
  1858 | D:2      | Learned a level 3 spell: Volatile Blastmotes
  2658 | D:3      | Noticed a black bear
  2669 | D:3      | Killed a black bear
  2670 | D:3      | Reached XP level 5. HP: 15/43 MP: 1/9
  2777 | D:3      | Learned a level 3 spell: Inner Flame
  2847 | D:3      | Found a runed translucent gate.
  2847 | D:3      | Found a runed translucent gate.
  2847 | D:3      | Found a runed translucent gate.
  2880 | D:3      | Noticed xelsha's ghost (amateur FoHu)
  2889 | D:3      | HP: 1/43 [xelsha's ghost (6)]
  2889 | D:3      | Slain by a ball python simulacrum

Illustrated notes

Levels and vault maps discovered:
D:1:      eino_arrival_tree_alley, layout_loops_ring, serial_shops,
          nicolae_diamond_shop, minmay_small_reverse_x
D:2:      layout_loops_ring, kennysheep_pointless_box
D:3:      layout_basic, gammafunk_ghost_icy, uniq_ijyb

Skill      XL: |  1  2  3 |
---------------+----------+-----
Fire Magic     | 4 |  4.8
Fighting       | |  0.6
Long Blades    | |  0.6
Dodging        | |  1.9
Stealth        | |  3.6
Spellcasting   | |  2.8
Conjurations   | |  1.6

Action                     |  1- 3 |  4- 6 || total
---------------------------+-------+-------++-------
  Melee: Falchion          |    21 |       ||    21
   Cast: Foxfire           |    26 |    20 ||    46
         Scorch            |     8 |     3 ||    11
    Use: Scroll            |       |     4 ||     4
   Stab: Sleeping          |     1 |       ||     1
 Armour: Robe              |     6 |     2 ||     8
  Dodge: Dodged            |    26 |    10 ||    36
